 Dungeon Crawl Stone Soup version 0.26.1-11-gd32895ea62 (webtiles) character file.

Game seed: 6099560162480068395

49 ubername the Stinger (level 3, 0/24 HPs)
             Began as a Barachi Venom Mage on July 7, 2021.
             Slain by a goblin
             ... wielding a cursed -1 club
             ... led by Robin
              (3 damage)
             ... on level 2 of the Dungeon.
             The game lasted 00:04:23 (1373 turns).

ubername the Stinger (Barachi Venom Mage)           Turns: 1373, Time: 00:04:24

Health: 0/24       AC:  2    Str:  9    XL:     3   Next: 75%
Magic:  1/7        EV: 12    Int: 16    God:
Gold:   51         SH:  0    Dex: 12    Spells: 1/7 levels left

rFire    . . .     SeeInvis .   b - +0 dagger (venom)
rCold    . . .     Faith    .   (no shield)
rNeg     . . .     Spirit   .   a - +0 robe
rPois    .         Reflect  .   (no helmet)
rElec    .         Harm     .   (no cloak)
rCorr    .         Rampage  .   (no gloves)
Will     .....                  (no boots)
Stlth    ++........             (no amulet)
HPRegen  0.08/turn              (no ring)
MPRegen  0.10/turn              (no ring)

@: mighty, slow
A: +LOS, swims, slowness 1, strong legs 1
a: Hop


You were on level 2 of the Dungeon.
You visited 1 branch of the dungeon, and saw 2 of its levels.

You collected 51 gold pieces.

Inventory:

Hand Weapons
 b - a +0 dagger of venom (weapon)
 g - a +0 dagger
Missiles
 e - 7 stones (quivered)
Armour
 a - a +0 robe (worn)
Jewellery
 i - an uncursed amulet of regeneration {unknown}
Potions
 d - a potion of lignification {unknown}
 j - 2 potions of attraction {unknown}
 k - a potion of mutation {unknown}


   Skills:
 + Level 2.5 Dodging
 + Level 1.7 Stealth
 * Level 2.9 Spellcasting
 + Level 1.1 Transmutations
 * Level 0.8 Fire Magic
 * Level 1.5 Ice Magic
 * Level 0.4 Air Magic
 * Level 0.6 Earth Magic
 + Level 3.4 Poison Magic


You had one spell level left.
You knew the following spells:

 Your Spells              Type           Power        Failure   Level
a - Sting                 Tmut/Pois      36%          8%          1
b - Poisonous Vapours     Pois/Air       16%          13%         2
c - Ignite Poison         Fire/Tmut/Pois 8%           26%         3

Your spell library contained the following spells:

 Spells                   Type           Power        Failure   Level
 Mephitic Cloud           Conj/Pois/Air  6%           32%         3
 Olgreb's Toxic Radiance  Pois           13%          41%         4


Dungeon Overview and Level Annotations

Branches:
Dungeon (2/15)

Altars:


Innate Abilities, Weirdness & Mutations

You can be seen from farther away. (+LOS)
You can swim through water.
You cover ground slowly.
You can hop short distances.


Message History

The goblin misses you.
You aren't carrying any scrolls.
You feel very mighty all of a sudden. The goblin barely misses you.
The goblin completely misses you.
You hit the goblin.
You kill the goblin!
The goblin closely misses you.
You hit the goblin.
The goblin is poisoned.
The goblin is severely wounded.
The goblin hits you. The goblin hits you with a +0 dagger.
* * * LOW HITPOINT WARNING * * *
You hit the goblin.
You kill the goblin!
The goblin no longer looks unusually strong.
The goblin hits you.
* * * LOW HITPOINT WARNING * * *
You puncture the goblin!
You kill the goblin!
The goblin hits you with a cursed -1 club.
You die...

## #.# ...
##.#.#.###
#..g...†.# #g#
#@# #)##########
#.###...<.......
#......[........
#.###..#####.##..
##.# # #[.#####.#
.. ...
.##.###..#...#.##
.###.#
.................
.....#
.##......#...#..#
.##..


You could see a goblin.

Vanquished Creatures
  Robin (D:2)
  An ooze (D:1)
  A giant cockroach (D:2)
  13 goblins
  2 hobgoblins
  5 jackals (D:1)
  3 kobolds (D:1)
  A frilled lizard (D:1)
  5 rats (D:1)
32 creatures vanquished.

Notes
Turn   | Place    | Note
-------+----------+-------------------------------------------
     0 | D:1      | ubername the Barachi Venom Mage began the quest for the
                  | Orb.
     0 | D:1      | Reached XP level 1. HP: 13/13 MP: 3/3
   396 | D:1      | Reached XP level 2. HP: 19/19 MP: 0/5
  1015 | D:1      | Reached XP level 3. HP: 19/24 MP: 4/6
  1233 | D:2      | Learned a level 2 spell: Poisonous Vapours
  1237 | D:2      | Learned a level 3 spell: Ignite Poison
  1348 | D:2      | Noticed Robin
  1367 | D:2      | Killed Robin
  1368 | D:2      | Reached skill level 1 in Ice Magic
  1373 | D:2      | Slain by a goblin

Illustrated notes

Levels and vault maps discovered:
D:1:      minmay_arrival_jagged, layout_basic
D:2:      layout_loops_ring, uniq_robin

Skill      XL: |  1  2  3 |
---------------+----------+-----
Ice Magic      | 1 |  1.5
Dodging        | |  2.5
Stealth        | |  1.7
Spellcasting   | |  2.9
Transmutations | |  1.1
Fire Magic     | |  0.8
Air Magic      | |  0.4
Earth Magic    | |  0.6
Poison Magic   | |  3.4

Action                   || total
-------------------------++-------
Melee: Dagger            ||    40
Throw: Stone             ||     9
 Cast: Sting             ||    20
       Poisonous Vapours ||     5
  Use: Scroll            ||     3
       Potion            ||     3
Armor: Robe              ||     9
Dodge: Dodged            ||    36
